 Dungeon Crawl Stone Soup version 0.30.1-4-g462c640d31 (webtiles) character file.

Game seed: 13493534968376553997

171 safid the Chiller (level 5, -3/41 HPs)
             Began as a Merfolk Ice Elementalist on Sept 14, 2023.
             Slain by a mummy (13 damage)
             ... on level 4 of the Dungeon.
             The game lasted 00:03:14 (2177 turns).

safid the Chiller (Merfolk Ice Elementalist)        Turns: 2177, Time: 00:03:14

Health: -3/41      AC:  9    Str:  8    XL:     5   Next: 51%
Magic:  8/10       EV: 12    Int: 17    God:
Gold:   154        SH:  0    Dex: 14    Spells: 3/10 levels left

rFire   . . .        c - +0 dagger
rCold   . . .        (no shield)
rNeg    . . .        a - +0 robe
rPois   .            (no helmet)
rElec   .            l - +0 cloak
rCorr   .            (no gloves)
SInv    .            (no boots)
Will    .....        (no amulet)
Stlth   ++           (no ring)
HPRegen 0.26/turn    (no ring)
MPRegen 0.12/turn

%: no passive effects
@: ice-armoured
A: (nimble swimmer 2), mertail
a: no special abilities


You were on level 4 of the Dungeon.
You visited 1 branch of the dungeon, and saw 4 of its levels.

You collected 154 gold pieces.

Inventory:

Hand Weapons
 c - a +0 dagger (weapon)
Armour
 a - a +0 robe (worn)
 l - a +0 cloak (worn)
Jewellery
 o - a ring of positive energy
Wands
 m - a wand of iceblast (10)
Scrolls
 e - a scroll of magic mapping {unknown}
 f - 5 scrolls of identify {unknown}
 g - 2 scrolls of enchant armour {unknown}
 h - a scroll of acquirement {unknown}
 i - 4 scrolls of poison {unknown}
 n - a scroll of blinking {unknown}
Potions
 b - 2 potions of magic
 d - a potion of mutation {unknown}
 j - a potion of curing
 k - 2 potions of brilliance {unknown}


   Skills:
 + Level 3.0 Fighting
 - Level 2.6 Dodging
 - Level 2.1 Stealth
 + Level 3.3 Spellcasting
 + Level 5.4 Ice Magic


You had 3 spell levels left.
You knew the following spells:

 Your Spells              Type           Power      Damage    Failure   Level
a - Freeze                Ice            84%        1d9       1%          1
b - Frozen Ramparts       Ice            42%        1d7       5%          3
c - Ozocubu's Armour      Ice            21%        N/A       5%          3

Your spell library contained the following spells:

 Spells                   Type           Power      Damage    Failure   Level
 Magic Dart               Conj           8%         1d3       17%         1
 Call Imp                 Summ           4%         N/A       26%         2
 Mephitic Cloud           Conj/Pois/Air  2%         N/A       45%         3
 Vhi's Electric Charge    Tloc/Air       4%         N/A       45%         3
 Summon Ice Beast         Ice/Summ       12%        N/A       50%         4
 Arcjolt                  Conj/Air       1%         1d11      99%         5
 Maxwell's Capacitive Co  Air            1%         ∞         100%        8


Dungeon Overview and Level Annotations

Branches:
Dungeon (4/15)
 Temple: D:4-7

Altars:

Portals:
Ossuary: D:4


Innate Abilities, Weirdness & Mutations

((You are very nimble when in or above water. (Stealth+, EV+, Speed+++)))
Your lower body shifts to a powerful aquatic tail in water.


Message History

The mummy is severely damaged.
The mummy hits you but does no damage.
Casting: Freeze (safe; 1% risk of failure)
Confirm with . or Enter, or press ? or * to list all spells.
A film of ice covers your body! The mummy hits you!
Unknown command.
You completely miss the mummy.
The mummy is severely damaged.
You hit the mummy but do no damage.
The mummy is severely damaged.
The mummy closely misses you.
You hit the mummy.
The mummy is severely damaged.
The mummy barely misses you.
You hit the mummy.
The mummy is almost destroyed.
You hit the mummy but do no damage.
The mummy is almost destroyed.
The mummy misses you.
You hit the mummy but do no damage.
The mummy is almost destroyed.
You hit the mummy but do no damage.
The mummy is almost destroyed.
The mummy closely misses you.
You barely miss the mummy.
The mummy is almost destroyed.
The mummy misses you.
You hit the mummy but do no damage.
The mummy is almost destroyed.
You barely miss the mummy.
The mummy is almost destroyed.
The mummy hits you!
* * * LOW HITPOINT WARNING * * *
You hit the mummy but do no damage.
The mummy is almost destroyed.
You barely miss the mummy.
The mummy is almost destroyed.
The mummy hits you!
You die...

##########
#....<...#
######........#
..............#
...?..........#
###.###@###..##
. #M# ..# ###
..# ..# ##


You could see a mummy.

Vanquished Creatures
  Natasha (twice) (D:3)
  3 adders (D:2)
  4 gnolls (D:3)
  A worm (D:2)
  2 dart slugs
  3 bats
  3 endoplasms (D:1)
  3 giant cockroaches
  5 goblins
  3 hobgoblins
  2 jackals (D:3)
  4 quokkas (D:2)
  2 ball pythons
  12 frilled lizards
  A kobold (D:2)
  5 rats
55 creatures vanquished.

Notes
Turn   | Place    | Note
-------+----------+-------------------------------------------
     0 | D:1      | safid the Merfolk Ice Elementalist began the quest for the
                  | Orb.
     0 | D:1      | Reached XP level 1. HP: 13/13 MP: 3/3
    89 | D:1      | Reached XP level 2. HP: 15/20 MP: 3/5
    99 | D:1      | Reached skill level 1 in Fighting
   534 | D:1      | Reached XP level 3. HP: 26/26 MP: 6/6
   538 | D:1      | Learned a level 3 spell: Frozen Ramparts
   907 | D:2      | Reached skill level 5 in Ice Magic
   907 | D:2      | Reached XP level 4. HP: 30/33 MP: 3/8
  1352 | D:3      | Learned a level 3 spell: Ozocubu's Armour
  1481 | D:3      | Found a faded altar of an unknown god.
  1556 | D:3      | Noticed Natasha
  1561 | D:3      | Killed Natasha
  1709 | D:3      | Reached XP level 5. HP: 11/39 MP: 0/9
  1750 | D:3      | Noticed Natasha
  1857 | D:3      | Killed Natasha
  2157 | D:4      | Found a sand-covered staircase.
  2177 | D:4      | Slain by a mummy

Illustrated notes

Levels and vault maps discovered:
D:1:      ldierk_walled_garden, layout_rooms, minmay_misc_feat_x,
          minmay_lizard_pond
D:2:      layout_rooms, minivault_27
D:3:      layout_basic, chequers_ecumenical_altar_lobes, uniq_natasha,
          uniq_crazy_yiuf_cottage
D:4:      layout_rooms, mainiacjoe_overflow_six_doors_small,
          nicolae_ossuary_entry_giza, minmay_cut_off, uniq_menkaure

Skill      XL: |  1  2  3  4  5 |
---------------+----------------+-----
Fighting       | 1 2 3 |  3.0
Ice Magic      | 5 |  5.4
Spellcasting   | 3 |  3.3
Dodging        | |  2.6
Stealth        | |  2.1

Action                     |  1- 3 |  4- 6 || total
---------------------------+-------+-------++-------
  Melee: Dagger            |    61 |    78 ||   139
         Punch             |     1 |     2 ||     3
   Cast: Freeze            |    31 |    10 ||    41
         Frozen Ramparts   |       |     4 ||     4
         Ozocubu's Armour  |       |     3 ||     3
    Use: Potion            |       |     2 ||     2
   Stab: Sleeping          |     5 |     2 ||     7
 Armour: Robe              |    15 |    17 ||    32
  Dodge: Dodged            |    43 |    56 ||    99
